 Dungeon Crawl Stone Soup version 0.22-a0-614-g34fbaa0 (webtiles) character file.

646 royokou the Conjurer (level 7, 0/36 HPs)
             Began as a Gargoyle Fire Elementalist on July 18, 2018.
             Slain by an ice beast (11 damage)
             ... on level 5 of the Dungeon.
             The game lasted 00:17:12 (5169 turns).

royokou the Conjurer (Gargoyle Fire Elementalist)   Turns: 5169, Time: 00:17:12

Health: 0/36       AC: 10    Str: 13    XL:     7   Next: 52%
Magic:  7/12       EV: 10    Int: 16    God:
Gold:   234        SH:  0    Dex: 10    Spells: 5/13 levels left

rFire    . . .     SeeInvis .   p - +0 mace
rCold    . . .     Gourm    .   (no shield)
rNeg     + . .     Faith    .   m - +0 ring mail
rPois    ∞         Spirit   .   (no helmet)
rElec    +         Reflect  .   (no cloak)
rCorr    .         Harm     .   q - +0 pair of gloves
MR       .....                  (no boots)
Stlth    +.........             (no amulet)
HPRegen  0.12/turn              (no ring)
MPRegen  0.13/turn              (no ring)

@: no status effects
A: negative energy resistance 1, electricity resistance, unbreathing,
petrification resistance, rot immunity, AC +4
a: no special abilities


You were on level 5 of the Dungeon.
You were hungry.

You visited 1 branch of the dungeon, and saw 5 of its levels.

You collected 234 gold pieces.

Inventory:

Hand Weapons
 l - a +0 whip
 p - a +0 mace (weapon)
Armour
 m - a +0 ring mail (worn)
 q - a +0 pair of gloves (worn)
Scrolls
 d - a scroll of enchant armour {unknown}
 g - a scroll of fog
 h - a scroll of enchant weapon {unknown}
 i - 2 scrolls of identify {unknown}
 n - 2 scrolls of remove curse
 o - a scroll of amnesia {unknown}
 s - a scroll of teleportation {unknown}
Potions
 a - a potion of agility {unknown}
 b - 2 potions of haste {unknown}
 e - a potion of magic {unknown}
 f - a potion of curing {unknown}
 j - 2 potions of heal wounds {unknown}
 k - a potion of might {unknown}
Comestibles
 c - 4 rations


   Skills:
 + Level 2.2 Maces & Flails
 - Level 1.5 Dodging
 - Level 2.1 Stealth
 + Level 3.8 Spellcasting
 * Level 5.8 Conjurations
 + Level 4.8 Fire Magic


You had 5 spell levels left.
You knew the following spells:

 Your Spells              Type           Power        Failure   Level  Hunger
a - Flame Tongue          Conj/Fire      ###..        4%          1    None
b - Conjure Flame         Conj/Fire      ###.....     13%         3    ###....
c - Sticky Flame          Conj/Fire      ###.....     38%         4    ####...

Your spell library contained the following spells:

 Spells                   Type           Power        Failure   Level  Hunger
 Fireball                 Conj/Fire      ###.......   75%         5    ######.
 Throw Flame              Conj/Fire      ###...       6%          2    ##.....
 Throw Frost              Conj/Ice       ##....       17%         2    ##.....
 Freeze                   Ice            #...         36%         1    None
 Summon Ice Beast         Ice/Summ       #.......     98%         4    ####...
 Ozocubu's Armour         Chrm/Ice       #.......     75%         3    ###....
 Throw Icicle             Conj/Ice       ##......     75%         4    ####...
 Inner Flame              Hex/Fire       ##......     38%         3    ###....


Dungeon Overview and Level Annotations

Branches:
Dungeon (5/15)
 Temple: D:4-7

Altars:
Dithmenos
Elyvilon
Wu Jian

Shops:
D:5 (


Innate Abilities, Weirdness & Mutations

You are resistant to torment.
Your stone body is resilient. (AC +4)
You are immune to poison.
You resist negative energy. (rN+)
You are resistant to electric shocks. (rElec)
You can survive without breathing.
You are immune to petrification.
You are immune to rotting.


Message History

The ice beast hits you but does no damage.
Your ring mail prevents you from hitting the ice beast.
The ice beast is moderately wounded.
The ice beast hits you. The ice beast freezes you!
Casting: Flame Tongue (safe; 4% risk of failure)
Confirm with . or Enter, or press ? or * to list all spells.
Aiming: Flame Tongue (safe; 4% risk of failure)
Press: ? - help, Shift-Dir - straight line, f/p - phantom
Aim: a phantom (moderately damaged)
The flame tongue misses the ice beast.
The flame tongue hits the phantom.
The phantom is severely damaged.
The ice beast hits you. The ice beast freezes you!
* * * LOW HITPOINT WARNING * * *
Sorry, you're not good enough to have a special ability.
The phantom blinks!
The ice beast barely misses you.
Your magical contamination has completely faded away.
There is a stone staircase leading up here.
The ice beast hits you. The ice beast freezes you!
You die...

######## #......#
###########......#
...............Y@#
##########....[..#
((########.......#
#.(..............#
#######.#.########
####......#
....(##..##
###.....##
###^######


You could see an ice beast.

Vanquished Creatures
  A phantom (D:5)
  A centaur (D:5)
  A scorpion (D:5)
  A crimson imp (D:5)
  2 orc wizards (D:4)
  An iguana (D:5)
  2 worker ants
  4 gnolls
  12 adders
  A shadow imp (D:3)
  3 oozes
  An adder skeleton (D:5)
  4 worms
  3 dart slugs
  4 leopard geckos
  4 orcs
  4 giant cockroaches
  5 goblins
  3 hobgoblins
  4 jackals (D:4)
  12 kobolds
  2 quokkas
  A ball python (D:1)
  7 bats
  7 frilled lizards
  A jackal skeleton (D:4)
  A leopard gecko skeleton (D:4)
  8 rats
100 creatures vanquished.

Vanquished Creatures (others)
  A quokka (D:4)
1 creature vanquished.

Grand Total: 101 creatures vanquished

Notes
Turn   | Place    | Note
-------+----------+-------------------------------------------
     0 | D:1      | royokou the Gargoyle Fire Elementalist began the quest for the Orb.
     0 | D:1      | Reached XP level 1. HP: 10/10 MP: 3/3
    91 | D:1      | Reached XP level 2. HP: 4/15 MP: 0/5
   393 | D:1      | Reached skill level 2 in Conjurations
   555 | D:1      | Reached XP level 3. HP: 19/19 MP: 1/6
   733 | D:1      | Learned a level 3 spell: Conjure Flame
  1210 | D:2      | Reached skill level 3 in Conjurations
  1210 | D:2      | Reached XP level 4. HP: 17/24 MP: 0/7
  1238 | D:2      | Learned a level 4 spell: Sticky Flame
  2100 | D:2      | Reached XP level 5. HP: 21/28 MP: 0/9
  2439 | D:3      | Reached skill level 4 in Conjurations
  2468 | D:3      | HP: 1/28 [shadow imp/nerve-wracking pain (4)]
  2901 | D:3      | Found an ornate altar of the Wu Jian Council.
  3076 | D:3      | Found a shadowy altar of Dithmenos.
  3209 | D:4      | Found a white marble altar of Elyvilon.
  3226 | D:4      | Reached XP level 6. HP: 32/32 MP: 4/10
  3983 | D:4      | Reached skill level 1 in Maces & Flails
  4200 | D:5      | Entered Level 5 of the Dungeon
  4238 | D:5      | Reached skill level 5 in Conjurations
  4496 | D:5      | Reached XP level 7. HP: 26/36 MP: 5/12
  5117 | D:5      | Found Nuot's Weapon Shoppe.
  5169 | D:5      | Slain by an ice beast

Vault maps used:
D:1:      eino_arrival_cavern_e, hex_medium, minmay_fountain_box, st_stairs_5,
          minmay_misc_feat_chi, hangedman_decor_lopped
D:3:      old_standard_altar, hangedman_decor_points,
          nicolae_dithmenos_through_a_glass_darkly
D:4:      elyvilon_altar_4, serial_curves, eino_curves_02, eino_curves_03,
          eino_curves_02
D:5:      first_ration, serial_shops, shop, uniq_menkaure, uniq_pikel

Skill      XL: |  1  2  3  4  5  6  7 |
---------------+----------------------+-----
Conjurations   | 2 3 4 5 |  5.8
Spellcasting   | 3 |  3.8
Fire Magic     | 4 |  4.8
Maces & Flails | 1 2 |  2.2
Dodging        | |  1.5
Stealth        | |  2.1

Action                   |  1- 3 |  4- 6 |  7- 9 || total
-------------------------+-------+-------+-------++-------
Melee: Unarmed           |     8 |       |       ||     8
       Short sword       |    38 |     3 |       ||    41
       Whip              |       |   118 |       ||   118
       Mace              |       |       |    41 ||    41
 Cast: Flame Tongue      |    66 |   127 |    39 ||   232
  Use: Scroll            |       |     2 |       ||     2
  Eat: Chunk             |     2 |     7 |     2 ||    11
       Ration            |       |     1 |       ||     1
Armor: Robe              |    31 |    35 |       ||    66
       Ring mail         |       |    82 |    28 ||   110
Dodge: Dodged            |    56 |   131 |    29 ||   216

Table legend:
 A = Spawn XP
 B = Non-spawn XP
 C = Spawn XP percentage of total XP
 D = Spawn monster count
 E = Non-spawn monster count
 F = Spawn count percentage of total count
 G = Total turns spent on level
                    A         B        C        D         E        F      G
               +---------+---------+-------+---------+---------+-------+---------
         Total |       0 |     924 |   0.0 |       0 |     100 |   0.0 |  5169
               +---------+---------+-------+---------+---------+-------+---------
           D:1 |       0 |      68 |   0.0 |       0 |      30 |   0.0 |  1270
           D:2 |       0 |      94 |   0.0 |       0 |      16 |   0.0 |  1183
           D:3 |       0 |     146 |   0.0 |       0 |      26 |   0.0 |   749
           D:4 |       0 |     168 |   0.0 |       0 |      19 |   0.0 |  1192
           D:5 |       0 |     448 |   0.0 |       0 |       9 |   0.0 |   775
               +---------+---------+-------+---------+---------+-------+---------
